[ AOE2 MATCH · #478061933 ]
UnrankedMaya vs Georgians
Player's team · LOSS
Rival team · WIN
[ REPLAY ANALYSIS · EXTRACTED FROM THE RECORDED GAME ]
Feudal
8:27
Castle
20:58
Imperial
—
| APM avg | 63.5 |
| APM peak | 109 |
| eAPM avg | 35.1 |
| Villagers / military | 95 / 129 |
Focus
⚔️ 40.0% · 🌾 60.0%
Eagle Scout ×53 · Plumed Archer ×44 · Skirmisher ×16 · Archer ×9 · Spearman ×7
Feudal
8:51
Castle
17:51
Imperial
—
| APM avg | 65.2 |
| APM peak | 90 |
| eAPM avg | 32.4 |
| Villagers / military | 134 / 93 |
Focus
⚔️ 58.5% · 🌾 41.5%
Cavalry Archer ×56 · Skirmisher ×23 · Knight ×12 · Monk ×2
Match map
Initial resources + every placement click. Lines = walls · curves = elevation contours. ◆ gold · ⬟ stone · ● berries · ✦ relic · ◌ wall gap
Your base· ✓ Closed at 20:58 · 31t walls · no gate
DAI's base· Open — 5t gap
Smoothed initial terrain · ◌ = detected wall gap · hover for details
Inputs per minute
— Yax - - DAI
Build order — Yax
First 150 of 351 actions detected
| 0:01 | Research | Loom |
| 0:01 | Research | Loom |
| 0:02 | Build | House |
| 0:07 | Build | House |
| 0:09 | Queue | Villager (Male) |
| 0:10 | Queue | Villager (Male) |
| 0:10 | Queue | Villager (Male) |
| 1:23 | Queue | Villager (Male) |
| 1:23 | Queue | Villager (Male) |
| 1:49 | Queue | Villager (Male) |
| 1:49 | Queue | Villager (Male) |
| 2:17 | Queue | Villager (Male) |
| 2:17 | Queue | Villager (Male) |
| 2:35 | Queue | Villager (Male) |
| 2:35 | Queue | Villager (Male) |
| 2:53 | Build | Lumber Camp |
| 3:17 | Queue | Villager (Male) |
| 3:18 | Queue | Villager (Male) |
| 3:18 | Queue | Villager (Male) |
| 3:31 | Build | House |
| 3:55 | Queue | Villager (Male) |
| 4:24 | Queue | Villager (Male) |
| 4:42 | Queue | Villager (Male) |
| 5:07 | Queue | Villager (Male) |
| 5:32 | Build | Mill |
| 5:37 | Queue | Villager (Male) |
| 5:59 | Build | House |
| 6:16 | Research | Feudal Age |
| 6:54 | Build | Lumber Camp |
| 7:57 | Build | Palisade Wall |
| 8:05 | Build | Barracks |
| 8:07 | Queue | Villager (Male) |
| 8:27 | Age | Feudal Age |
| 8:29 | Research | Double-Bit Axe |
| 8:29 | Research | Double-Bit Axe |
| 8:34 | Queue | Villager (Male) |
| 8:54 | Queue | Villager (Male) |
| 9:03 | Queue | Spearman |
| 9:06 | Build | Archery Range |
| 9:17 | Build | House |
| 9:21 | Queue | Villager (Male) |
| 9:46 | Research | Horse Collar |
| 9:46 | Research | Horse Collar |
| 9:54 | Build | House |
| 9:56 | Queue | Villager (Male) |
| 10:03 | Queue | Archer |
| 10:04 | Queue | Skirmisher |
| 10:12 | Queue | Villager (Male) |
| 10:16 | Build | Farm |
| 10:17 | Build | Farm |
| 10:19 | Build | Farm |
| 10:25 | Build | Farm |
| 10:31 | Queue | Skirmisher |
| 10:33 | Build | Palisade Wall |
| 10:43 | Build | House |
| 10:47 | Queue | Villager (Male) |
| 10:49 | Build | Farm |
| 10:54 | Queue | Villager (Male) |
| 11:00 | Build | Palisade Wall |
| 11:02 | Build | Palisade Wall |
| 11:07 | Queue | Villager (Male) |
| 11:10 | Queue | Skirmisher |
| 11:13 | Build | Farm |
| 11:36 | Build | Palisade Wall |
| 11:40 | Build | Farm |
| 11:41 | Build | Farm |
| 11:55 | Build | House |
| 11:57 | Build | Palisade Wall |
| 11:59 | Queue | Villager (Male) |
| 12:10 | Build | House |
| 12:16 | Build | Farm |
| 12:17 | Queue | Villager (Male) |
| 12:18 | Queue | Skirmisher |
| 12:32 | Build | Farm |
| 12:35 | Queue | Archer |
| 13:05 | Queue | Villager (Male) |
| 13:17 | Build | Mining Camp |
| 13:18 | Queue | Villager (Male) |
| 13:32 | Queue | Villager (Male) |
| 13:41 | Build | Blacksmith |
| 13:46 | Queue | Skirmisher |
| 13:54 | Build | Farm |
| 14:01 | Build | Palisade Wall |
| 14:05 | Queue | Villager (Male) |
| 14:06 | Queue | Skirmisher |
| 14:10 | Build | House |
| 14:27 | Queue | Skirmisher |
| 14:39 | Queue | Villager (Male) |
| 14:40 | Queue | Skirmisher |
| 14:42 | Queue | Villager (Male) |
| 14:51 | Queue | Eagle Scout |
| 14:59 | Queue | Skirmisher |
| 14:59 | Queue | Skirmisher |
| 15:06 | Queue | Skirmisher |
| 15:08 | Queue | Spearman |
| 15:11 | Build | House |
| 15:12 | Queue | Villager (Male) |
| 15:28 | Research | Fletching |
| 15:31 | Queue | Skirmisher |
| 15:44 | Research | Gold Mining |
| 15:44 | Research | Gold Mining |
| 15:57 | Queue | Villager (Male) |
| 15:59 | Build | Farm |
| 16:10 | Queue | Villager (Male) |
| 16:18 | Build | Mining Camp |
| 16:32 | Queue | Villager (Male) |
| 16:54 | Queue | Villager (Male) |
| 17:05 | Queue | Villager (Male) |
| 17:20 | Queue | Villager (Male) |
| 17:34 | Queue | Villager (Male) |
| 17:47 | Queue | Villager (Male) |
| 17:47 | Queue | Skirmisher |
| 17:51 | Build | Market |
| 17:54 | Research | Castle Age |
| 17:58 | Queue | Skirmisher |
| 18:18 | Research | Castle Age |
| 18:45 | Queue | Villager (Male) |
| 18:47 | Queue | Spearman |
| 18:48 | Queue | Spearman |
| 18:49 | Queue | Skirmisher |
| 18:49 | Queue | Skirmisher |
| 18:57 | Research | Stone Mining |
| 18:57 | Research | Stone Mining |
| 19:09 | Queue | Spearman |
| 19:19 | Queue | Eagle Scout |
| 19:21 | Build | Barracks |
| 19:23 | Build | Barracks |
| 19:29 | Build | Watch Tower |
| 19:33 | Build | House |
| 19:36 | Build | Palisade Wall |
| 19:51 | Queue | Spearman |
| 19:51 | Queue | Spearman |
| 20:08 | Queue | Eagle Scout |
| 20:09 | Queue | Eagle Scout |
| 20:09 | Queue | Eagle Scout |
| 20:18 | Queue | Eagle Scout |
| 20:18 | Queue | Eagle Scout |
| 20:21 | Build | Farm |
| 20:21 | Build | Farm |
| 20:22 | Build | Farm |
| 20:26 | Build | Farm |
| 20:38 | Queue | Eagle Scout |
| 20:48 | Queue | Eagle Scout |
| 20:48 | Queue | Eagle Scout |
| 20:53 | Queue | Villager (Male) |
| 20:58 | Age | Castle Age |
| 21:01 | Research | Squires |
| 21:02 | Research | Squires |
| 21:13 | Research | Scale Mail Armor |
| 21:14 | Research | Scale Mail Armor |
Build order — DAI
First 150 of 340 actions detected
| 0:00 | Queue | Villager (Male) ×4 |
| 0:01 | Queue | Villager (Male) ×4 |
| 0:02 | Build | House |
| 1:22 | Build | House |
| 1:23 | Build | House |
| 1:24 | Queue | Villager (Male) |
| 1:50 | Queue | Villager (Male) |
| 1:50 | Queue | Villager (Male) |
| 2:16 | Queue | Villager (Male) |
| 2:46 | Queue | Villager (Male) |
| 2:46 | Queue | Villager (Male) |
| 3:00 | Queue | Villager (Male) |
| 3:25 | Queue | Villager (Male) |
| 3:28 | Queue | Villager (Male) |
| 3:57 | Queue | Villager (Male) |
| 4:08 | Queue | Villager (Male) |
| 4:08 | Queue | Villager (Male) |
| 4:15 | Build | Mill |
| 4:25 | Queue | Villager (Male) |
| 4:26 | Queue | Villager (Male) |
| 4:52 | Queue | Villager (Male) |
| 4:54 | Research | Loom |
| 6:37 | Research | Feudal Age |
| 6:55 | Build | Palisade Wall |
| 6:55 | Build | Palisade Wall |
| 6:57 | Build | Barracks |
| 7:34 | Build | House |
| 7:41 | Queue | Villager (Male) |
| 8:51 | Age | Feudal Age |
| 8:53 | Build | Archery Range |
| 8:54 | Research | Double-Bit Axe |
| 9:00 | Queue | Villager (Male) |
| 9:02 | Build | House |
| 9:19 | Queue | Villager (Male) |
| 9:28 | Build | Farm |
| 9:29 | Build | Farm |
| 9:30 | Build | Farm |
| 9:42 | Build | Farm |
| 9:43 | Queue | Villager (Male) |
| 10:03 | Queue | Villager (Male) |
| 10:04 | Queue | Skirmisher |
| 10:04 | Queue | Skirmisher |
| 10:15 | Queue | Villager (Male) |
| 10:29 | Build | House |
| 10:32 | Queue | Skirmisher |
| 10:36 | Queue | Villager (Male) |
| 10:49 | Build | Farm |
| 11:00 | Build | Farm |
| 11:03 | Queue | Villager (Male) |
| 11:08 | Build | House |
| 11:12 | Queue | Villager (Male) |
| 11:21 | Queue | Skirmisher |
| 11:24 | Queue | Villager (Male) |
| 11:25 | Queue | Skirmisher |
| 11:39 | Build | House |
| 11:41 | Build | Palisade Wall |
| 11:42 | Build | Palisade Wall |
| 11:47 | Queue | Skirmisher |
| 11:49 | Queue | Villager (Male) |
| 12:11 | Build | Farm |
| 12:28 | Queue | Villager (Male) |
| 12:28 | Queue | Skirmisher |
| 12:38 | Build | Farm |
| 12:56 | Queue | Villager (Male) |
| 13:00 | Build | Farm |
| 13:04 | Queue | Skirmisher |
| 13:08 | Build | House |
| 13:16 | Build | Mule Cart |
| 13:36 | Queue | Villager (Male) |
| 13:51 | Build | Blacksmith |
| 14:10 | Build | Farm |
| 14:41 | Queue | Villager (Male) |
| 14:48 | Queue | Skirmisher |
| 14:48 | Queue | Skirmisher |
| 14:59 | Build | House |
| 15:11 | Research | Castle Age |
| 15:11 | Research | Castle Age |
| 15:13 | Queue | Skirmisher |
| 15:28 | Research | Horse Collar |
| 15:31 | Build | House |
| 15:38 | Build | Mule Cart |
| 15:56 | Research | Fletching |
| 16:10 | Queue | Skirmisher |
| 16:11 | Queue | Skirmisher |
| 16:59 | Queue | Skirmisher |
| 17:02 | Research | Padded Archer Armor |
| 17:02 | Queue | Skirmisher |
| 17:14 | Queue | Skirmisher |
| 17:39 | Build | Stable |
| 17:51 | Age | Castle Age |
| 17:53 | Research | Elite Skirmisher (upgrade) |
| 17:54 | Research | Bodkin Arrow |
| 17:55 | Research | Bodkin Arrow |
| 18:05 | Queue | Villager (Male) |
| 18:18 | Queue | Skirmisher |
| 18:29 | Build | Monastery |
| 18:30 | Queue | Villager (Male) |
| 18:49 | Build | Farm |
| 18:51 | Build | Farm |
| 18:51 | Queue | Knight |
| 19:04 | Queue | Knight |
| 19:07 | Queue | Monk |
| 19:13 | Queue | Skirmisher |
| 19:30 | Queue | Villager (Male) |
| 19:30 | Queue | Villager (Male) |
| 19:35 | Queue | Monk |
| 19:43 | Queue | Skirmisher |
| 19:50 | Queue | Villager (Male) |
| 19:59 | Build | Farm |
| 20:00 | Build | Farm |
| 20:01 | Build | Farm |
| 20:06 | Queue | Knight |
| 20:18 | Queue | Villager (Male) |
| 20:24 | Queue | Skirmisher |
| 20:27 | Queue | Skirmisher |
| 20:42 | Queue | Skirmisher |
| 20:45 | Queue | Villager (Male) |
| 20:45 | Queue | Villager (Male) |
| 20:58 | Queue | Villager (Male) |
| 21:16 | Queue | Skirmisher |
| 21:18 | Queue | Villager (Male) |
| 21:22 | Queue | Villager (Male) |
| 21:25 | Build | Town Center |
| 21:35 | Queue | Knight |
| 21:39 | Queue | Cavalry Archer |
| 21:46 | Queue | Villager (Male) |
| 22:02 | Queue | Cavalry Archer |
| 22:10 | Queue | Villager (Male) |
| 22:13 | Queue | Knight |
| 22:36 | Queue | Villager (Male) |
| 22:38 | Queue | Villager (Male) |
| 22:39 | Build | Farm |
| 22:40 | Build | Farm |
| 22:40 | Build | Farm |
| 22:44 | Queue | Villager (Male) |
| 22:46 | Build | Archery Range |
| 22:48 | Queue | Villager (Male) |
| 23:09 | Queue | Villager (Male) |
| 23:11 | Build | Farm |
| 23:13 | Build | Farm |
| 23:14 | Build | Farm |
| 23:15 | Queue | Villager (Male) |
| 23:21 | Queue | Cavalry Archer |
| 23:24 | Research | Bloodlines |
| 23:26 | Queue | Cavalry Archer |
| 23:30 | Queue | Villager (Male) |
| 23:32 | Queue | Villager (Male) |
| 23:34 | Queue | Cavalry Archer |
| 23:42 | Queue | Cavalry Archer |
| 23:44 | Build | House |
Match timeline
| 6:55 | DAI · wall_segment Palisade Wall x1 |
| 6:55 | DAI · wall_segment Palisade Wall x1 |
| 6:57 | DAI · first_building Barracks |
| 7:57 | Yax · wall_segment Palisade Wall x1 |
| 8:05 | Yax · first_building Barracks |
| 8:27 | Yax · age_up feudal |
| 8:51 | DAI · age_up feudal |
| 8:53 | DAI · first_building Archery Range |
| 9:06 | Yax · first_building Archery Range |
| 10:33 | Yax · wall_segment Palisade Wall x5 |
| 11:00 | Yax · wall_segment Palisade Wall x7 |
| 11:02 | Yax · wall_segment Palisade Wall x7 |
| 11:36 | Yax · wall_segment Palisade Wall x1 |
| 11:41 | DAI · wall_segment Palisade Wall x3 |
| 11:42 | DAI · wall_segment Palisade Wall x1 |
| 11:57 | Yax · wall_segment Palisade Wall x9 |
| 14:01 | Yax · wall_segment Palisade Wall x1 |
| 17:39 | DAI · first_building Stable |
| 17:51 | DAI · age_up castle |
| 18:29 | DAI · first_building Monastery |
| 19:36 | Yax · wall_segment Palisade Wall x1 |
| 20:58 | Yax · age_up castle |
| 21:05 | Yax · first_market_buy 100 stone |
| 21:59 | Yax · first_building Castle |
| 22:16 | Yax · wall_segment Palisade Wall x1 |
| 22:18 | Yax · wall_segment Palisade Wall x1 |
| 22:20 | Yax · wall_segment Palisade Wall x1 |
| 22:22 | Yax · wall_segment Palisade Wall x1 |
| 23:04 | Yax · wall_segment Palisade Wall x1 |
| 23:05 | Yax · wall_segment Palisade Wall x1 |
| 23:08 | Yax · wall_segment Palisade Wall x1 |
| 23:44 | Yax · first_market_sell 100 stone |
| 33:57 | Yax · resign |
[ AI ANALYSIS · 1 CREDIT ]
What really happened in this match?
Wolo.gg analyzes every decision: build order, eco, micro, common mistakes by bracket. Personalized analysis on WhatsApp or Discord in 30 seconds.
Civ guide
Maya
Perfil
Jugador #2944434